Zazza, neutral female human Tourist ----- .....# |...|# |...|# ....|# --------- |...|# --------- |.[[.[.[| ---.-# ##.......%-##### |.[[.[.[| # # # # |.......| # |.[[[...| # # #### |.......| #[-.))[[[.| @ # ## --------- |.[[.[[[| fB# # ### ## --------- #### # ## ## `####### ------- ### -----|-----## |.....| # # |.........|#%########## |.(....###### ..........|# # -----|- |.....| # |.........-# ###|...<.| ------- ##########-.........| #.....{| ----------- ------- Zazza the Rambler Experience level: 2 Strength: 8 Dexterity: 12 Constitution: 18 Intelligence: 12 Wisdom: 13 Charisma: 18 Health: 0(21) Energy: 6(6) Def: 6 Gold: 1330 Moves: 2232 Dungeon seed: kZsVVXfHn45EIc5a Game ID: Zazza_1599326605 Your Inventory: Coins $ - 1330 gold pieces Weapons a - 38 +2 darts (in quiver) r - 3 +0 orcish daggers (wielded) Armor e - an uncursed +0 Hawaiian shirt (being worn) y - a blessed +1 orcish helm (being worn) M - a blessed +2 robe (being worn) Comestibles b - 2 uncursed food rations c - 3 uncursed slime molds f - 2 uncursed eggs m - an uncursed slime mold o - an uncursed egg v - an uncursed cram ration I - 7 uncursed food rations S - an uncursed tripe ration Scrolls h - 2 uncursed scrolls of magic mapping i - a blessed scroll of magic mapping E - a cursed scroll of identify G - an uncursed scroll of identify K - an uncursed scroll of create monster O - 2 cursed scrolls of magic mapping Potions g - 3 uncursed potions of extra healing l - an uncursed potion of hallucination p - a blessed potion of booze u - an uncursed potion of confusion D - a cursed potion of blindness F - 2 uncursed potions of booze J - a cursed potion of monster detection P - an uncursed potion of water Q - a cursed potion of extra healing Rings X - an uncursed ring of warning Wands q - a wand of secret door detection (0:14) t - a wand of teleportation (0:4) x - a wand of teleportation (0:6) H - a cursed wand of magic missile (0:3) L - a cursed wand of fire (0:3) N - a wand of polymorph (0:3) Tools j - an expensive camera (0:56) k - an uncursed credit card Y - an uncursed sack Gems n - 2 uncursed worthless pieces of black glass Contents of the sack: 646 gold pieces Spells and supernatural/magical abilities: Name Level Category Fail Memory W - pray for help -- divine ? -- Your skills at the end: Fighting Skills Weapon Skills dart [Basic] Spellcasting Skills Final Attributes: You were aligned. You are dead. Vanquished creatures: a small mimic a shrieker an acid blob a green mold a red mold 2 gnome zombies 2 geckos 4 jackals a fox a kobold 6 goblins 3 grid bugs 7 lichens 3 newts 34 creatures vanquished. Voluntary challenges: You had been an atheist until turn 1816. You used a wielded weapon 8 times, starting on turn 624. You read items or engraved 7 times, starting on turn 588. You never genocided any monsters. You never polymorphed an object. You never changed form. You used no wishes. You never split a pudding. You wrote Elbereth's name 3 times, starting on turn 588. You never violated your personal moral code. Dungeon overview: The Dungeons of Doom: levels 1 to 4 Level 1 a long staircase Level 2 a fountain Level 3 a general store, a fountain a long staircase Level 4 <- You were here an armor shop, a fountain History has recorded: On T:1 you entered the Dungeons of Doom to retrieve the Amulet of Yendor! On T:445 you reached level 2 of The Dungeons of Doom. On T:879 you reached level 3 of The Dungeons of Doom. On T:1563 you reached level 4 of The Dungeons of Doom. On T:1946 you advanced to experience level 2. Score breakdown: Gold: 1685 (10976 points) Experience: 2 levels ( 5570 points) Exploration: 4 levels ( 7.84%) ( 7348 points) Discoveries: 7 items ( 2.35%) ( 4597 points) Valuables value: (no points given unless you survive) Artifact value: 0 ( 0 points) Variety of kills: 14 monsters ( 3.67%) ( 5750 points) Turncount: 2232 turns ( -163 points) Survival: died (score multiplied by 80%) Total score: 27262 Latest messages: You see here a large box. You carefully open the large box... You stop. Armand is in the way! You displace Armand. Armand misses the brown mold. Armand is suddenly very cold! You displace Armand. Armand bites the brown mold. Armand is suddenly very cold! You displace Armand. The giant bat bites! The giant bat misses. You stop. Armand is in the way! The giant bat bites! The giant bat just misses! The giant bat bites! (2x) The giant bat misses. Armand bites the giant bat. The giant bat misses Armand. The giant bat bites! (2x) You die... Final status: Aloha Zazza the Tourist, killed by a giant bat... You died in The Dungeons of Doom on dungeon level 4 with 27262 points, and 1976 pieces of gold, after 2232 moves. You were level 2 with a maximum of 21 hit points when you died.